 Dungeon Crawl Stone Soup version 0.10.4 character file.

3452 MordorOrchid the Thaumaturge (level 9, -1/47 HPs)
             Began as a Deep Elf Fire Elementalist on Nov 22, 2020.
             Was a Believer of Vehumet.
             Slain by an orc warrior
             ... wielding a +0,+0 orcish trident
              (20 damage)
             ... on Level 9 of the Dungeon.
             The game lasted 00:46:57 (6873 turns).

MordorOrchid the Thaumaturge (DEFE)                 Turns: 6873, Time: 00:46:57

HP  -1/47        AC  2     Str  6      XL: 9   Next: 56%
MP  13/27        EV 15     Int 27      God: Vehumet [**....]
Gold 442         SH  0     Dex 15      Spells:  7 memorised,  4 levels left

Res.Fire  : . . .   See Invis. : .   y - +4 elf dagger (venom)
Res.Cold  : . . .   Warding    : . . g - +0 elf robe (curse)
Life Prot.: . . .   Conserve   : +   (no shield)
Res.Acid. : . . .   Res.Corr.  : .   (no helmet)
Res.Poison: .       Clarity    : .   (no cloak)
Res.Elec. : .       Spirit.Shd : .   (no gloves)
Sust.Abil.: . .     Stasis     : .   (no boots)
Res.Mut.  : .       Ctrl.Telep.: .   K - amulet of conservation
Res.Rott. : .       Levitation : .   E - +4 ring of intelligence
Saprovore : . . .   Ctrl.Flight: .   d - ring of invisibility

@: overloaded, very slow, somewhat resistant to hostile enchantments, very
unstealthy
A: no striking features
a: Renounce Religion, Evoke Invisibility


You were on level 9 of the Dungeon.
You worshipped Vehumet.
Vehumet was most pleased with you.
You were overloaded with stuff.
You were not hungry.

You visited 1 branch of the dungeon, and saw 9 of its levels.

You collected 422 gold pieces.

Inventory:

Hand weapons
 q - a +0 blowgun
 y - a +4,+4 elven dagger of venom (weapon)
Missiles
 h - 4 +0 needles of sickness
 k - 20 poisoned +0 needles
 u - 3 exploding +0 darts (quivered)
Armour
 g - a cursed +0 elven robe (worn)
Magical devices
 a - a wand of flame (9)
 i - a wand of random effects (13) {unknown}
 s - a wand of fireball (4)
 B - a wand of magic darts (16)
 D - a wand of cold (5)
Comestibles
 c - 9 bread rations
 F - a meat ration
Scrolls
 b - 2 scrolls of remove curse
 f - 3 scrolls of amnesia
 m - a scroll of curse jewellery {unknown}
 o - a scroll of fear {unknown}
 p - a scroll of recharging
 x - a scroll of blinking
 z - 2 scrolls of magic mapping
 G - 3 scrolls of enchant armour {unknown}
 H - 4 scrolls of detect curse
 O - a scroll of immolation
 R - 2 scrolls of teleportation {unknown}
Jewellery
 d - a ring of invisibility (left hand)
 r - an uncursed ring of teleportation
 E - a +4 ring of intelligence (right hand)
 K - an amulet of conservation (around neck)
 P - an uncursed ring of regeneration
Potions
 j - 4 potions of agility
 l - 6 potions of curing
 n - 2 potions of magic
 t - a potion of poison
 v - 2 potions of brilliance
 w - a potion of heal wounds
 A - a potion of invisibility
 I - a potion of speed
 M - 3 potions of might
Books
 e - a book of Hinderance

   Spells                             Type                      Level
   Confusing Touch                    Hexes                        1
   Slow                               Hexes                        2
   *Confuse                           Hexes                        3
   Petrify                            Transmutation/Earth          4
   Leda's Liquefaction                Transmutation/Earth          4
   Metabolic Englaciation             Hexes/Ice                    6
 N - a book of Fire

   Spells                             Type                      Level
   Fire Brand                         Charms/Fire                  2
   Ignite Poison                      Fire/Transmutation           5
   *Fireball                          Conjuration/Fire             5
   Bolt of Fire                       Conjuration/Fire             6
   Delayed Fireball                   Conjuration/Fire             7
   Ring of Flames                     Charms/Fire                  7
   Dragon Form                        Fire/Transmutation           7


   Skills:
 * Level 2.3 Fighting
 - Level 2.2 Short Blades
 * Level 5.1 Dodging
 * Level 4.6 Stealth
 * Level 8.6 Spellcasting
 * Level 7.0 Conjurations
 * Level 2.5 Hexes
 + Level 6.2 Fire Magic
 * Level 4.8 Evocations


You had 4 spell levels left.
You knew the following spells:

 Your Spells              Type           Power        Failure   Level  Hunger
a - Flame Tongue          Fire/Conj      ######       1%          1    None
b - Throw Flame           Fire/Conj      ######.      1%          2    None
c - Conjure Flame         Fire/Conj      ######...    1%          3    None
d - Inner Flame           Fire/Hex       ######...    1%          3    None
e - Sticky Flame          Fire/Conj      ######...    1%          4    Strawberry
f - Fireball              Fire/Conj      ######....   3%          5    Choko
C - Confuse               Hex            #####....    6%          3    None


Dungeon Overview and Level Annotations

Branches:
Dungeon (9/27)             Temple (0/1) D:4
    Orc: D:6-11        Lair: D:8-13

Altars:
Fedhas
Vehumet
Xom


Message History

The orc warrior hits you from afar with an orcish trident.
Your magical contamination has completely faded away.
The orc warrior misses you.
The orc warrior hits you from afar with an orcish trident.
There is a stone staircase leading up here.
You are carrying too much to climb upwards.
Evoke which item? (* to show all) (? for menu, Esc to quit)
Okay, then.
Evoke which item? (* to show all) (? for menu, Esc to quit)
Okay, then.
Unknown command.
Casting: Confuse
Confirm with . or Enter, or press ? or * to list all spells.
Aiming: Fireball
Press: ? - help, Shift-Dir - straight line, f/p - orc warrior
Aim: an orc warrior, wielding an orcish trident and wearing an orcish plate armour The fireball explodes!
The fireball engulfs the orc warrior.
The orc warrior is severely wounded.
The orc warrior hits you from afar with an orcish trident!
You die...

.........###.....................
..........#......................
.................................
.................................
.................................
.................................
................................
................(...........#..
................@..........#
...............<.<........#
................o.........
.........................
...........)............
........................
.......................
........).............
..........%..........


You could see an orc warrior.

Vanquished Creatures
  Grinder (D:3)
  A two-headed ogre (D:9)
  The ghost of zxcv the Grave Robber, an average SENe of Kikubaaqudgha (D:5)
  A hungry ghost (D:9)
  Edmund (D:7)
  3 orc warriors
  An ice beast (D:9)
  A phantom (D:8)
  An ogre (D:5)
  5 centaurs
  Sigmund (D:5)
  A big kobold (D:9)
  2 giant frogs
  Blork the orc (D:6)
  4 killer bees (D:9)
  An eye of draining (D:8)
  An ogre zombie (D:5)
  2 goliath beetles (D:8)
  A quasit (D:8)
  2 crimson imps
  An orc priest (D:7)
  3 hounds
  2 iguanas
  A worker ant (D:6)
  An orc wizard (D:7)
  Ijyb (D:2)
  Jessica (D:3)
  A jelly (D:8)
  4 adders
  3 gnolls (D:4)
  A giant mite (D:6)
  A worm (D:6)
  A bat skeleton (D:7)
  A giant eyeball (D:7)
  A gnoll zombie (D:2)
  2 giant geckos
  An ooze (D:2)
  20 orcs
  2 ball pythons
  8 giant cockroaches
  10 goblins
  15 hobgoblins
  7 jackals
  14 kobolds
  5 quokkas
  10 bats
  2 giant newts
  2 kobold zombies
  2 orc skeletons
  2 quokka skeletons
  14 rats
  2 toadstools
173 creatures vanquished.

Vanquished Creatures (others)
  7 toadstools
7 creatures vanquished.

Grand Total: 180 creatures vanquished

Notes
Turn   | Place    | Note
--------------------------------------------------------------
     0 | D:1      | MordorOrchid, the Deep Elf Fire Elementalist, began the quest for the Orb.
     0 | D:1      | Reached XP level 1. HP: 10/10 MP: 4/4
   168 | D:1      | Reached XP level 2. HP: 13/15 MP: 4/6
   173 | D:1      | Learned a level 2 spell: Throw Flame
   882 | D:2      | Reached XP level 3. HP: 19/19 MP: 5/10
   887 | D:2      | Learned a level 3 spell: Conjure Flame
  1211 | D:2      | Noticed Ijyb
  1258 | D:2      | Killed Ijyb
  1258 | D:2      | Reached skill level 4 in Fire Magic
  1393 | D:2      | Noticed a gnoll zombie
  1438 | D:2      | Killed a gnoll zombie
  1552 | D:2      | Reached XP level 4. HP: 24/24 MP: 10/14
  2261 | D:3      | Noticed Jessica
  2263 | D:3      | Killed Jessica
  2334 | D:3      | Noticed Grinder
  2343 | D:3      | Killed Grinder
  2343 | D:3      | Reached skill level 1 in Fighting
  2343 | D:3      | Reached skill level 1 in Short Blades
  2343 | D:3      | Reached skill level 5 in Spellcasting
  2343 | D:3      | Reached skill level 1 in Evocations
  2343 | D:3      | Reached XP level 5. HP: 18/28 MP: 4/18
  2343 | D:3      | Reached XP level 6. HP: 21/33 MP: 4/20
  2348 | D:3      | Learned a level 3 spell: Inner Flame
  2353 | D:3      | Learned a level 4 spell: Sticky Flame
  2379 | D:4      | Found a shimmering altar of Xom.
  2459 | D:4      | Found a staircase to the Ecumenical Temple.
  2751 | D:4      | Reached skill level 6 in Spellcasting
  3064 | D:5      | Entered Level 5 of the Dungeon
  3069 | D:5      | Noticed zxcv's ghost (average SENe)
  3070 | D:5      | Noticed an ogre zombie
  3125 | D:5      | Killed an ogre zombie
  3125 | D:5      | Reached XP level 7. HP: 34/37 MP: 7/22
  3129 | D:5      | Killed zxcv's ghost
  3129 | D:5      | Reached skill level 5 in Fire Magic
  3356 | D:5      | Noticed Sigmund
  3363 | D:5      | Killed Sigmund
  3366 | D:5      | Found a radiant altar of Vehumet.
  3448 | D:5      | Became a worshipper of Vehumet
  3641 | D:5      | Learned a level 5 spell: Fireball
  3718 | D:6      | Reached skill level 7 in Spellcasting
  3752 | D:6      | Reached skill level 5 in Conjurations
  4102 | D:6      | Reached XP level 8. HP: 31/43 MP: 15/25
  4167 | D:6      | Noticed Blork the orc
  4180 | D:6      | Killed Blork the orc
  4521 | D:6      | Found a blossoming altar of Fedhas.
  4648 | D:7      | Acquired Vehumet's first power
  5211 | D:7      | Noticed Edmund
  5231 | D:7      | Killed Edmund
  5881 | D:8      | Reached XP level 9. HP: 30/47 MP: 27/27
  6360 | D:8      | Learned a level 3 spell: Confuse
  6435 | D:9      | Acquired Vehumet's second power
  6454 | D:9      | Reached skill level 8 in Spellcasting
  6454 | D:9      | Reached skill level 1 in Hexes
  6587 | D:9      | Reached skill level 5 in Dodging
  6873 | D:9      | Slain by an orc warrior
